 Dungeon Crawl Stone Soup version 0.30-b1-5-g8e6c1be481 (webtiles) character file.

Game seed: 2011550829799650852

178 H0rd4k the Charlatan (level 5, -1/38 HPs)
             Began as a Human Artificer on May 4, 2023.
             Killed by divine providence
             ... invoked by an orc priest
              (11 damage)
             ... on level 3 of the Dungeon.
             The game lasted 00:02:27 (2560 turns).

H0rd4k the Charlatan (Human Artificer)              Turns: 2560, Time: 00:02:28

Health: -1/38      AC:  4    Str: 13    XL:     5   Next: 89%
Magic:  5/5        EV: 12    Int: 13    God:
Gold:   86         SH:  0    Dex: 13    Spells: 4/4 levels left

rFire   + + .        m - +7 dagger of the Foot {pain, *Noise rPois rF++ rCorr}
rCold   . . .        (no shield)
rNeg    . . .        b - +0 leather armour
rPois   +            (no helmet)
rElec   .            (no cloak)
rCorr   +            g - +0 pair of gloves
SInv    .            (no boots)
Will    .....        (no amulet)
Stlth   ++           (no ring)
HPRegen 0.26/turn    (no ring)
MPRegen 0.09/turn

%: no passive effects
@: no status effects
A: no striking features
a: no special abilities


You were on level 3 of the Dungeon.
You visited 1 branch of the dungeon, and saw 3 of its levels.

You collected 86 gold pieces.

Inventory:

Hand Weapons
 a - a +0 club
 m - the +7 dagger of the Foot (weapon) {pain, *Noise rPois rF++ rCorr}
   (You found it on level 2 of the Dungeon)

   rF:        It greatly protects you from fire.
   rPois:     It protects you from poison.
   *Noise:    It may make noises in combat.
   rCorr:     It protects you from acid and corrosion.
Missiles
 n - 3 poisoned darts
 p - 2 throwing nets
Armour
 b - a +0 leather armour (worn)
 g - a +0 pair of gloves (worn)
Magical Staves
 k - a staff of air
Jewellery
 j - a +4 ring of protection
 l - a ring of fire
 o - a +6 ring of dexterity
Wands
 c - a wand of flame (6) (quivered)
 d - a wand of charming (13)
 e - a wand of iceblast (5)
Scrolls
 h - a scroll of identify {unknown}
 r - a scroll of magic mapping {unknown}
 s - a scroll of noise {unknown}
Potions
 f - a potion of attraction {unknown}
 i - a potion of curing {unknown}
 q - a potion of ambrosia {unknown}


   Skills:
 + Level 2.0 Fighting
 + Level 0.6 Short Blades
 - Level 1.7 Maces & Flails
 - Level 2.0 Armour
 + Level 2.9 Dodging
 + Level 1.8 Stealth
 * Level 0.2 Necromancy
 + Level 4.0 Evocations


You had 4 spell levels left.
You didn't know any spells.
Your spell library was empty.

Dungeon Overview and Level Annotations

Branches:
Dungeon (3/15)

Altars:

Shops:
D:2 *

Annotations:
D:2 Natasha


Message History

Okay, then.
Aiming: Charm
Press: ? - help, Shift-Dir - straight line, f/p - orc priest
Aim: an orc priest, wielding a +0 mace (chance to affect: 59%)
You detect the charmed orc wizard.
Reactivating autopickup.
The orc hits your orc wizard with a +0 flail.
The orc priest misses your orc wizard.
A rat comes into view.
What are your orders? t - Shout!
Orders for allies: a - Attack new target. p - Attack previous target. r - Retreat! s - Stop attacking. g - Guard the area. f - Follow me.
Anything else - Cancel.
Guard this area!
The orc priest closely misses your orc wizard.
Your orc wizard gestures at the kobold while chanting.
The kobold appears confused.
The orc hits your orc wizard with a +0 flail.
The kobold misses your orc wizard.
Your orc wizard hits the kobold with a +0 dagger.
The kobold dies!
The orc barely misses your orc wizard. Something hits your orc wizard.
You feel a bit more experienced.
You hit the rat.
You kill the rat!
HP restored.
There is a stone staircase leading down here.
An orc priest is nearby!
An orc priest is nearby!
The orc priest mumbles some strange prayers to Beogh against you.
Pain shoots through your body!
The orc priest invokes the aid of Beogh against you.
Beogh smites you!
* * * LOW HITPOINT WARNING * * *
You are too injured to fight recklessly!
The orc priest calls down the wrath of Beogh upon you.
Beogh smites you!
You die...

##.#...#.......#######
#.###.#..............
#.....#.....#.#######
...#####'..####.# ##
##.)........#.# # #.
#........##.#.#
#.##.##.............#######
.......o###...............
.##......@.....#.#########
#.#..........#....# # #
#.)####....####.# #
.###.#.oo..#...>####.######
......>o##.##.#............
.###.#..##.##.#.###########
............#.## #
.................# #
.?..###.##.##.#.##


You could see an orc priest.

Vanquished Creatures
  A hound (D:2)
  Natasha (twice) (D:2)
  4 adders (D:2)
  2 worms (D:2)
  A dart slug (D:1)
  An orc (D:3)
  7 endoplasms
  A giant cockroach (D:1)
  7 goblins
  2 hobgoblins (D:3)
  5 kobolds
  A quokka (D:1)
  6 ball pythons
  3 bats
  A frilled lizard (D:3)
  4 rats
48 creatures vanquished.

Vanquished Creatures (collateral kills)
  A kobold (D:3)
1 creature vanquished.

Vanquished Creatures (others)
  An orc wizard (D:3)
1 creature vanquished.

Grand Total: 50 creatures vanquished

Notes
Turn   | Place    | Note
-------+----------+-------------------------------------------
     0 | D:1      | H0rd4k the Human Artificer began the quest for the Orb.
     0 | D:1      | Reached XP level 1. HP: 15/15 MP: 1/1
    68 | D:1      | Reached XP level 2. HP: 6/21 MP: 2/2
    75 | D:1      | HP: 1/21 [constriction (1)]
   574 | D:1      | Reached XP level 3. HP: 5/26 MP: 3/3
  1381 | D:2      | Identified the +7 dagger of the Foot {pain, *Noise rPois
                  | rF++ rCorr}
  1413 | D:2      | Noticed Natasha
  1427 | D:2      | Killed Natasha
  1428 | D:2      | Reached skill level 1 in Maces & Flails
  1428 | D:2      | Reached skill level 4 in Evocations
  1428 | D:2      | Reached XP level 4. HP: 25/32 MP: 4/4
  1543 | D:2      | Reached XP level 5. HP: 31/38 MP: 5/5
  1663 | D:2      | Noticed Natasha
  1678 | D:2      | Killed Natasha
  2008 | D:2      | Found Ecunaxul's General Store.
  2159 | D:2      | Noticed Natasha
  2560 | D:3      | Killed from afar by an orc priest

Illustrated notes

Levels and vault maps discovered:
D:1:      dpeg_arrival_houses_and_road, layout_loops_ring,
          nicolae_figureground_pulse
D:2:      layout_loops_corners, serial_shops, nicolae_shop_rolling_square,
          uniq_natasha
D:3:      layout_basic, mainiacjoe_overflow_swirl, moated_statue,
          kennysheep_generic_room_12

Skill      XL: |  1  2  3  4  5 |
---------------+----------------+-----
Maces & Flails | 1 |  1.7
Evocations     | 4 |  4.0
Dodging        | 2 |  2.9
Fighting       | 2 |  2.0
Short Blades   | |  0.6
Armour         | |  2.0
Stealth        | |  1.8
Necromancy     | |  0.2

Action                     |  1- 3 |  4- 6 || total
---------------------------+-------+-------++-------
  Melee: Club              |   126 |       ||   126
         Dagger            |    11 |    66 ||    77
         Punch             |       |     1 ||     1
  Evoke: Wand              |     9 |     2 ||    11
   Stab: Sleeping          |     1 |     3 ||     4
 Armour: Leather armour    |    52 |    15 ||    67
  Dodge: Dodged            |   132 |    43 ||   175
